 Dungeon Sprint DCSS version 0.23.2-1-ga50397a6bc (webtiles) character file.

Game seed: 17721908187683171000

1926 Kobolds4U the Protected (level 8, 0/80 HPs)
             Began as a Minotaur Fighter on Apr 28, 2019.
             Was a Believer of Wu Jian.
             Slain by a demonic crawler (5 damage)
             ... in the Dungeon (Sprint I: "Red Sonja").
             The game lasted 00:03:45 (888 turns).

Kobolds4U the Protected (Minotaur Fighter)           Turns: 888, Time: 00:03:46

Health: 0/80       AC:  9    Str: 22    XL:     8   Next: 96%
Magic:  7/7        EV: 12    Int:  5    God:    Wu Jian [**....]
Gold:   248        SH: 11    Dex: 11    Spells: 7/7 levels left

rFire    . . .     SeeInvis .   a - +0 long sword
rCold    . . .     Gourm    .   p - +2 shield
rNeg     . . .     Faith    .   b - +0 scale mail
rPois    .         Spirit   .   (helmet restricted)
rElec    .         Reflect  .   (no cloak)
rCorr    .         Harm     .   (no gloves)
MR       .....     NoTele   +   (no boots)
Stlth    ..........             (no amulet)
HPRegen  0.23/turn              (no ring)
MPRegen  0.10/turn              (no ring)

@: no status effects
A: retaliatory headbutt, horns 2
a: Wall Jump, Renounce Religion


You were in the Dungeon.
You worshipped Wu Jian.
Wu Jian was pleased with you.
You were not hungry.

You visited 1 branch You collected 405 gold pieces.
You spent 157 gold pieces at shops.

Inventory:

Hand Weapons
 a - a +0 long sword (weapon)
Armour
 b - a +0 scale mail (worn)
 m - a +1 leather armour of poison resistance
 p - a +2 shield (worn)
Scrolls
 k - a scroll of blinking
 o - a scroll of identify {unknown}
Potions
 d - a potion of might
 e - a potion of curing
 g - a potion of heal wounds
 h - a potion of haste
 i - 2 potions of magic
 j - a potion of berserk rage
 l - a potion of degeneration {unknown}
Comestibles
 f - 2 rations


   Skills:
 + Level 10.5 Fighting
 - Level 13.6 Long Blades
 - Level 14.2 Armour
 * Level 8.2 Dodging
 - Level 3.6 Shields


You had 7 spell levels left.
You didn't know any spells.
Your spell library was empty.

Dungeon Overview and Level Annotations

Branches:
Dungeon (1/1)

Altars:
Cheibriados
Dithmenos
Elyvilon
Fedhas
Gozag
Hepliaklqana
Kikubaaqudgha
Makhleb
Nemelex Xobeh
Okawaru
Qazlal
Ru
Sif Muna
Trog
Uskayaw
Vehumet
Wu Jian
Xom
Yredelemnul
Zin
The Shining One
Jiyva
Lugonu

Shops:
D [


Innate Abilities, Weirdness & Mutations

You reflexively headbutt those who attack you in melee.
You have a pair of horns on your head.


Message History

Your headbutt misses the demonic crawler.
The demonic crawler is severely wounded.
The demonic crawler barely misses you. The demonic crawler hits you.
* * * LOW HITPOINT WARNING * * *
You block the demonic crawler's attack.
You hit the demonic crawler.
The demonic crawler is almost dead.
You block the demonic crawler's attack. x2; The demonic crawler hits you.
* * * LOW HITPOINT WARNING * * *
You hit the demonic crawler but do no damage.
The demonic crawler is almost dead.
The demonic crawler closely misses you.
You block the demonic crawler's attack. x2
You barely miss the demonic crawler.
The demonic crawler is almost dead.
The demonic crawler barely misses you. You furiously retaliate!
You headbutt the demonic crawler.
You block the demonic crawler's attack. x2
You hit the demonic crawler.
The demonic crawler is almost dead.
You block the demonic crawler's attack. x2; The demonic crawler hits you.
You die...

#<.#..').#..'..#__#..')..#
#..').#..')†#..'..'..#)..##+#
#..#####'#####+#__####...'..#
#..####..#...#.#### #####..+
#..#__####..##(# ##
#..#_____##'#_.+
#⌠⌠#_.∩...'..._#
####_..__##_.#s#
#_____###+#@# ####### ###


You could see a demonic crawler.

Vanquished Creatures
  2 kobold demonologists (D)
  3 demonic crawlers (D)
  A slime creature (D)
  A yak (D)
  Sigmund (D)
  A floating eye (D)
  An ogre (D)
  A jelly (D)
  Ijyb (D)
12 creatures vanquished.

Vanquished Creatures (others)
  A gargoyle (D)
1 creature vanquished.

Grand Total: 13 creatures vanquished

Notes
Turn   | Place    | Note
-------+----------+-------------------------------------------
     0 | D        | Kobolds4U the Minotaur Fighter began the quest for the Orb.
     0 | D        | Reached XP level 1. HP: 19/19 MP: 0/0
     1 | D        | Noticed Ijyb
     9 | D        | Killed Ijyb
     9 | D        | Reached XP level 2. HP: 21/26 MP: 1/1
    66 | D        | Noticed an ogre
    72 | D        | Killed an ogre
    72 | D        | Reached XP level 3. HP: 37/37 MP: 2/2
    72 | D        | Reached XP level 4. HP: 44/44 MP: 3/3
    84 | D        | Noticed Sigmund
    90 | D        | Killed Sigmund
    90 | D        | Reached XP level 5. HP: 47/53 MP: 4/4
   133 | D        | Found an ornate altar of the Wu Jian Council.
   133 | D        | Found a deep blue altar of Sif Muna.
   135 | D        | Found a radiant altar of Vehumet.
   137 | D        | Reached skill level 4 in Armour
   137 | D        | Reached XP level 6. HP: 62/62 MP: 5/5
   148 | D        | Became a worshipper of the Wu Jian Council
   163 | D        | Found Wemmocan's Antique Armour Emporium.
   163 | D        | Found an ancient bone altar of Kikubaaqudgha.
   163 | D        | Found a hazy altar of Hepliaklqana.
   163 | D        | Found a hide-covered altar of Uskayaw.
   163 | D        | Found a basalt altar of Yredelemnul.
   163 | D        | Found an opulent altar of Gozag.
   163 | D        | Found a snail-covered altar of Cheibriados.
   163 | D        | Found a sacrificial altar of Ru.
   163 | D        | Found a shadowy altar of Dithmenos.
   163 | D        | Noticed a yak
   172 | D        | Killed a yak
   172 | D        | Reached skill level 6 in Armour
   173 | D        | Found a stormy altar of Qazlal.
   173 | D        | Found a blossoming altar of Fedhas.
   173 | D        | Found a bloodstained altar of Trog.
   173 | D        | Found an iron altar of Okawaru.
   173 | D        | Found a glowing golden altar of the Shining One.
   173 | D        | Found a glowing silver altar of Zin.
   173 | D        | Found a white marble altar of Elyvilon.
   174 | D        | Found a sparkling altar of Nemelex Xobeh.
   178 | D        | Bought a glowing shield for 157 gold pieces
   299 | D        | Found a viscous altar of Jiyva.
   299 | D        | Found a corrupted altar of Lugonu.
   299 | D        | Noticed a slime creature
   300 | D        | Found a burning altar of Makhleb.
   300 | D        | Found a shimmering altar of Xom.
   307 | D        | Killed a slime creature
   307 | D        | Reached skill level 10 in Fighting
   307 | D        | Reached skill level 7 in Armour
   307 | D        | Reached XP level 7. HP: 36/73 MP: 6/6
   485 | D        | Noticed a kobold demonologist
   485 | D        | Noticed a kobold demonologist
   486 | D        | Reached * piety under Wu Jian
   486 | D        | Reached skill level 8 in Armour
   489 | D        | Noticed a hellwing
   490 | D        | Noticed a hellwing
   490 | D        | Noticed a neqoxec
   492 | D        | Noticed a hellwing
   493 | D        | Killed a kobold demonologist
   493 | D        | Reached skill level 10 in Armour
   514 | D        | Killed a kobold demonologist
   514 | D        | Reached skill level 11 in Armour
   514 | D        | Reached XP level 8. HP: 68/80 MP: 7/7
   565 | D        | Noticed a demonic crawler
   565 | D        | Noticed a demonic crawler
   565 | D        | Noticed a demonic crawler
   565 | D        | Noticed a demonic crawler
   565 | D        | Killed a gargoyle
   590 | D        | Killed a demonic crawler
   590 | D        | Reached ** piety under Wu Jian
   590 | D        | Reached skill level 12 in Armour
   683 | D        | Killed a demonic crawler
   683 | D        | Reached skill level 13 in Armour
   874 | D        | Killed a demonic crawler
   874 | D        | Reached skill level 14 in Armour
   885 | D        | HP: 4/80 [demonic crawler (2)]
   888 | D        | Slain by a demonic crawler

Skill      XL: |  1  2  3  4  5  6  7  8 |
---------------+-------------------------+-----
Long Blades    | 7 9 12 13 | 13.6
Fighting       | 6 8 10 | 10.5
Armour         | 4 7 11 14 | 14.2
Dodging        | 6 8 |  8.2
Shields        | |  3.6

Action                   |  1- 3 |  4- 6 |  7- 9 || total
-------------------------+-------+-------+-------++-------
Melee: Long sword        |    11 |    22 |    77 ||   110
       Headbutt          |     1 |     5 |    28 ||    34
Invok: Lunge             |       |       |     1 ||     1
       Whirlwind         |       |       |     4 ||     4
Armor: Scale mail        |     2 |     3 |    43 ||    48
Dodge: Dodged            |     7 |     2 |    55 ||    64
Block: Shield            |     2 |     4 |    70 ||    76
       Rpst.: Long sword |     3 |     1 |     5 ||     9
